 Dungeon Sprint DCSS version 0.30-a0-585-g93115170b9 (webtiles) character file.

Game seed: 13930081314666901730

14320 mhtbhm the Imperceptible (level 11, -6/157 HPs)
             Began as an Armataur Brigand on Jan 3, 2023.
             Was the Champion of Dithmenos.
             Mangled by a lorocyproca (19 damage)
             ... in the Dungeon (Sprint I: "Red Sonja").
             The game lasted 00:08:34 (2505 turns).

mhtbhm the Imperceptible (Armataur Brigand)         Turns: 2505, Time: 00:08:34

Health: -6/157     AC: 25    Str: 18    XL:     11   Next: 87%
Magic:  0/20       EV:  1    Int: 11    God:    Dithmenos [******]
Gold:   380        SH:  9    Dex: 15    Spells: 10/10 levels left

rFire   . . .      SeeInvis .    a - +5 dagger (holy)
rCold   . . .      Faith    .    r - +3 warlock's mirror {reflect}
rNeg    . . .      Spirit   .    (body armour currently unavailable)
rPois   +          Reflect  +    (helmet currently unavailable)
rElec   .          Harm     .    (cloak currently unavailable)
rCorr   .          Roll     +    (gloves currently unavailable)
Will    .....      NoTele   +    (no barding) Stlth ******++++
                                 (no amulet)
HPRegen 0.46/turn                t - ring of poison resistance
MPRegen 0.17/turn                (no ring)

@: mighty, tree-form (expiring), wreathed by umbra
A: stationary, stasis, torment immunity, boosted hp, large, rugged brown scales
3, (deformed body), (armoured tail), roll, long tongue, awkward tongue
a: Renounce Religion, Shadow Step, Shadow Form


You were in the Dungeon.
You worshipped Dithmenos.
Dithmenos was exalted by your worship.
You were a tree.
You visited 1 branch You collected 2480 gold pieces.
You spent 2100 gold pieces at shops.

Inventory:

Hand Weapons
 a - a +5 dagger of holy wrath (weapon)
Missiles
 d - 14 poisoned darts
 e - 5 curare-tipped darts (quivered)
Armour
 b - a +2 robe of positive energy (melded)
 c - a +1 pair of gloves (melded)
 h - the +0 barding "Ezuosh" (melded) {rC+ Will++ Dex-4}
   (You acquired it in the Dungeon)

   Dex:       It affects your dexterity (-4).
   rC:        It protects you from cold.
   Will:      It greatly increases your willpower.
 p - a +2 helmet of intelligence (melded)
 q - the +2 cloak of the Thief (melded) {*Fog Slay-2 SInv Stlth+}
   (You bought it in a shop in the Dungeon)

   It may release a thick cloud of smoke when the wearer is hurt.
   Slay:      It affects your accuracy & damage with ranged weapons and melee
   (-2).
   SInv:      It lets you see invisible.
   Stlth:     It makes you more stealthy.
 r - the +3 warlock's mirror (worn) {reflect}
   (You bought it in a shop in the Dungeon)

   It can block and reflect piercing ranged attacks and magical attacks against
   the wielder's willpower.
Jewellery
 t - a ring of poison resistance (left branch)
Wands
 l - a wand of polymorph (18)
Scrolls
 f - a scroll of vulnerability
 k - 2 scrolls of blinking
 o - 2 scrolls of amnesia
 s - a scroll of fear {unknown}
 v - a scroll of enchant weapon {unknown}
Potions
 i - 2 potions of magic
 j - a potion of cancellation
 m - a potion of ambrosia
Miscellaneous
 u - a tin of tremorstones (2/2)


   Skills:
 + Level 9.8 Fighting
 + Level 11.0 Short Blades
 + Level 6.4 Throwing
 + Level 7.2 Dodging
 + Level 22.7 Stealth
 + Level 7.1 Shields
 + Level 0.2 Unarmed Combat
 * Level 12.2 Invocations


You had 10 spell levels left.
You didn't know any spells.
Your spell library contained the following spells:

 Spells                   Type           Power      Damage    Failure   Level
 Apportation              Tloc           0%         N/A       38%         1
 Alistair's Intoxication  Tmut/Pois      0%         N/A       100%        5


Dungeon Overview and Level Annotations

Branches:
Dungeon (1/1)

Altars:
Cheibriados
Dithmenos
Elyvilon
Fedhas
Gozag
Hepliaklqana
Kikubaaqudgha
Makhleb
Nemelex Xobeh
Okawaru
Qazlal
Ru
Sif Muna
Trog
Uskayaw
Vehumet
Wu Jian
Xom
Yredelemnul
Zin
The Shining One
Jiyva
Lugonu

Shops:
D ?(*=::[?([[[[([[(

Annotations:
D Tiamat


Innate Abilities, Weirdness & Mutations

You are a tree.
Your roots penetrate the ground, keeping you stationary.
You cannot be teleported.
You are immune to unholy pain and torment.
Your maximum health is greatly increased.
Your equipment is partially melded.
(You are completely covered in rugged brown scales. (AC +3, +7% HP))
((Armour fits poorly on your strangely shaped body.))
((You have a long armoured tail.))
You roll when moving toward enemies. (Rampage)
Your long tongue fully drains potion bottles. (2x potion effects)
Your tongue gives you trouble enunciating. (1.5x scroll delay)


Message History

Something hits you!
You feel your power leaking away.
You hit something but do no damage. You miss something. Something hits you.
You hit something but do no damage. Your shadow misses something.
You slurp down every last drop of the cyan potion!
It was a potion of might.
You feel very mighty all of a sudden. Something hits you.
You closely miss something.
Your shadow hits something but does no damage.
Your transformation is almost over.
Something hits you.
You miss something. You hit something but do no damage.
Your shadow hits something but does no damage.
Something hits you!!
* * * LOW HITPOINT WARNING * * *
You closely miss something. You miss something. Something hits you!
* * * LOW HITPOINT WARNING * * *
You feel your power leaking away.
You closely miss something.
Your shadow hits something with a dagger.
You barely miss something.
Your shadow barely misses something.
Something hits you but does no damage.
You closely miss something.
Your shadow hits something but does no damage.
Something hits you!
* * * LOW HITPOINT WARNING * * *
Okay, then.
Okay, then.
Okay, then.
You cannot move.
You cannot move.
You miss something. You miss something.
Your shadow hits something but does no damage.
Something hits you!!
You die...

################################
'..#__#..')..#..#.§§.§§.§§..'..#.
#..'..'..#)..##'#§####§.§..##..'.
##'#__####...'.§#§# ##§.§#######
.#)####[.#####..§§#+#§###'#§.[##
##.#~~~.)#.§##'####§§§#y#.##...#
#_.'~§~§.§§§#○°.♣{#§§$###..###.#
.._#~§§§§#§§#°°.°°'..$$$##.#A#.#
.#'##+#####'###.)☼#.....#..###.#
'#)#.(..###.'.#..○###++##.##...#
.####'###)###.#○.## #..#+###
..'.....'.∩##.#..# ##...#
).###########.##'# ###.#
.###.......##§##)# #.#
'#.#.......§'.#### #.#


There were no monsters in sight!

Vanquished Creatures
  4 fire giants (D)
  A hydra (D)
  2 centaur warriors (D)
  A deep troll (D)
  A lindwurm (D)
  An oklob plant (D)
  A gargoyle (D)
  5 unseen horrors (D)
  4 demonic crawlers (D)
  2 kobold demonologists (D)
  A yaktaur (D)
  A meliai (D)
  A hornet (D)
  A slime creature (D)
  Sigmund (D)
  2 yaks (D)
  13 hogs (D)
  2 redbacks (D)
  3 floating eyes (D)
  An ogre (D)
  7 necrophages (D)
  8 jellies (D)
  Ijyb (D)
  A ballistomycete spore (D)
65 creatures vanquished.

Vanquished Creatures (others)
  A ballistomycete spore (D)
1 creature vanquished.

Grand Total: 66 creatures vanquished

Notes
Turn   | Place    | Note
-------+----------+-------------------------------------------
     0 | D        | mhtbhm the Armataur Brigand began the quest for the Orb.
     0 | D        | Reached XP level 1. HP: 18/18 MP: 1/1
     2 | D        | Noticed Ijyb
    16 | D        | Killed Ijyb
    17 | D        | Reached skill level 1 in Dodging
    17 | D        | Reached skill level 7 in Stealth
    17 | D        | Reached XP level 2. HP: 18/26 MP: 2/2
   223 | D        | Noticed an ogre
   228 | D        | Killed an ogre
   229 | D        | Reached skill level 10 in Stealth
   229 | D        | Reached XP level 3. HP: 13/33 MP: 3/3
   229 | D        | Reached XP level 4. HP: 15/40 MP: 4/4
   332 | D        | Noticed Sigmund
   343 | D        | Killed Sigmund
   344 | D        | Reached skill level 12 in Stealth
   344 | D        | Reached XP level 5. HP: 40/49 MP: 5/5
   370 | D        | Found an ornate altar of the Wu Jian Council.
   370 | D        | Found a shimmering blue altar of Sif Muna.
   375 | D        | Found a radiant altar of Vehumet.
   380 | D        | Reached XP level 6. HP: 55/55 MP: 6/6
   410 | D        | Found Vahucide's Weapon Emporium.
   410 | D        | Found an ancient bone altar of Kikubaaqudgha.
   410 | D        | Found a hazy altar of Hepliaklqana.
   410 | D        | Found a stormy altar of Qazlal.
   410 | D        | Found a hide-covered altar of Uskayaw.
   410 | D        | Found a blossoming altar of Fedhas.
   410 | D        | Found a bloodstained altar of Trog.
   410 | D        | Found an iron altar of Okawaru.
   410 | D        | Found a basalt altar of Yredelemnul.
   410 | D        | Found a glowing golden altar of the Shining One.
   410 | D        | Found a snail-covered altar of Cheibriados.
   410 | D        | Found a sacrificial altar of Ru.
   410 | D        | Found a glowing silver altar of Zin.
   410 | D        | Found a shadowy altar of Dithmenos.
   410 | D        | Found a white marble altar of Elyvilon.
   410 | D        | Noticed a yak
   425 | D        | Killed a yak
   426 | D        | Reached skill level 5 in Short Blades
   426 | D        | Reached skill level 13 in Stealth
   426 | D        | Found an opulent altar of Gozag.
   427 | D        | Found a sparkling altar of Nemelex Xobeh.
   435 | D        | Became a worshipper of Dithmenos the Shadowed
   510 | D        | Found a burning altar of Makhleb.
   510 | D        | Found a viscous altar of Jiyva.
   510 | D        | Found a shimmering altar of Xom.
   510 | D        | Found a corrupted altar of Lugonu.
   510 | D        | Noticed a slime creature
   512 | D        | Killed a slime creature
   513 | D        | Reached skill level 5 in Fighting
   513 | D        | Reached skill level 14 in Stealth
   513 | D        | Reached XP level 7. HP: 65/65 MP: 6/8
   540 | D        | Noticed Sonja
   541 | D        | Sonja changed into Sonja the yaktaur
   541 | D        | Noticed Sonja
   556 | D        | Killed Sonja the yaktaur
   557 | D        | Reached skill level 5 in Throwing
   557 | D        | Reached skill level 15 in Stealth
   706 | D        | Found Ycarur's Magic Scroll Boutique.
   781 | D        | Noticed a deep troll
   783 | D        | Killed a deep troll
   783 | D        | Reached * piety under Dithmenos
   784 | D        | Reached skill level 16 in Stealth
   784 | D        | Reached skill level 5 in Invocations
   784 | D        | Reached XP level 8. HP: 74/74 MP: 9/11
   793 | D        | Found Zenoppei's Armour Emporium.
   797 | D        | Identified the +8 war axe "Goblinslayer" {heavy, Int+3
                  | Dex+3}
   863 | D        | Noticed a centaur warrior
   864 | D        | Noticed a centaur warrior
   867 | D        | Killed a centaur warrior
   868 | D        | Reached skill level 17 in Stealth
   868 | D        | Killed a centaur warrior
   869 | D        | Reached skill level 18 in Stealth
   869 | D        | Reached XP level 9. HP: 84/84 MP: 11/14
   879 | D        | Reached ** piety under Dithmenos
   890 | D        | Noticed an oklob plant
   891 | D        | Killed an oklob plant
   921 | D        | Reached *** piety under Dithmenos
   931 | D        | Noticed a meliai
   946 | D        | Killed a meliai
   947 | D        | Reached skill level 19 in Stealth
  1211 | D        | Reached **** piety under Dithmenos
  1213 | D        | Reached XP level 10. HP: 94/94 MP: 16/16
  1217 | D        | Reached ***** piety under Dithmenos
  1255 | D        | Found Itoabrov's Jewellery Shoppe.
  1255 | D        | Found Lemy's Assorted Antiques.
  1255 | D        | Found Licyf's Book Boutique.
  1257 | D        | Found Ruodwoh's Book Emporium.
  1257 | D        | Found Cataiffi's Armour Shop.
  1257 | D        | Found Nalalagh's Magic Scroll Shoppe.
  1257 | D        | Found Xuyxt's Antique Weapon Boutique.
  1257 | D        | Found Mita's Armour Emporium.
  1257 | D        | Found Vaofad's Armour Shop.
  1257 | D        | Found Othust's Armour Shoppe.
  1261 | D        | Found Ilodo Ysa's Armour Boutique.
  1262 | D        | Found Xufexzu's Antique Armour Emporium.
  1262 | D        | Found Jet Zad's Weapon Boutique.
  1263 | D        | Found Valeiwy's Weapon Emporium.
  1268 | D        | Bought a scroll of blinking for 90 gold pieces
  1268 | D        | Bought a scroll of identify for 24 gold pieces
  1268 | D        | Bought a scroll of identify for 24 gold pieces
  1268 | D        | Bought a scroll of identify for 24 gold pieces
  1275 | D        | Bought a +2 helmet of intelligence for 236 gold pieces
  1281 | D        | Bought the +2 cloak of the Thief {*Fog Slay-2 SInv Stlth+}
                  | for 281 gold pieces
  1281 | D        | Found the +2 cloak of the Thief {*Fog Slay-2 SInv Stlth+}
  1292 | D        | Bought a +1 pair of gloves for 161 gold pieces
  1300 | D        | Bought the +3 warlock's mirror {reflect} for 400 gold
                  | pieces
  1300 | D        | Found the +3 warlock's mirror {reflect}
  1331 | D        | Bought a scroll of fog for 48 gold pieces
  1351 | D        | Bought a ring of poison resistance for 240 gold pieces
  1402 | D        | Noticed an orange demon
  1424 | D        | Reached skill level 20 in Stealth
  1549 | D        | Noticed a demonic crawler
  1549 | D        | Noticed a demonic crawler
  1549 | D        | Noticed a demonic crawler
  1549 | D        | Noticed a demonic crawler
  1550 | D        | Killed a demonic crawler
  1550 | D        | Reached ****** piety under Dithmenos
  1551 | D        | Reached skill level 1 in Shields
  1551 | D        | Killed a demonic crawler
  1552 | D        | Killed a demonic crawler
  1553 | D        | Killed a demonic crawler
  1555 | D        | Noticed a gargoyle
  1559 | D        | Killed a gargoyle
  1567 | D        | Noticed a lindwurm
  1570 | D        | Killed a lindwurm
  1571 | D        | Reached skill level 5 in Dodging
  1574 | D        | Reached skill level 21 in Stealth
  1574 | D        | Reached skill level 10 in Invocations
  1614 | D        | Reached XP level 11. HP: 87/101 MP: 18/18
  1669 | D        | Reached skill level 10 in Short Blades
  1866 | D        | Noticed a 12-headed hydra
  1867 | D        | Killed a 12-headed hydra
  1869 | D        | Paralysed by a floating eye for 4 turns
  1936 | D        | Bought a scroll of acquirement for 572 gold pieces
  1936 | D        | Acquired the +0 barding "Ezuosh" {rC+ Will++ Dex-4}
  2003 | D        | Noticed a daeva
  2010 | D        | Reached skill level 5 in Shields
  2328 | D        | Noticed a fire giant
  2331 | D        | Noticed a fire giant
  2332 | D        | Noticed a fire giant
  2333 | D        | Noticed a fire giant
  2334 | D        | Killed a fire giant
  2335 | D        | Reached skill level 22 in Stealth
  2338 | D        | Killed a fire giant
  2340 | D        | Killed a fire giant
  2341 | D        | Killed a fire giant
  2369 | D        | Found the +4 dragonskin cloak
  2369 | D        | Noticed Tiamat
  2444 | D        | Noticed a lorocyproca
  2505 | D        | Mangled by a lorocyproca

Illustrated notes

Levels and vault maps discovered:
D:        dungeon_sprint_1 [red_sonja_temple_1, red_sonja_temple_small_1]

Skill      XL: |  1  2  3  4  5  6  7  8  9 10 11 |
---------------+----------------------------------+-----
Fighting       | 2 3 4 5 6 7 8 9 |  9.8
Short Blades   | 2 3 4 5 6 7 8 9 11 | 11.0
Throwing       | 2 3 4 5 6 |  6.4
Dodging        | 1 2 3 5 7 |  7.2
Stealth        | 7 10 12 14 16 18 19 21 22 | 22.7
Invocations    | 2 5 7 8 10 12 | 12.2
Shields        | 3 7 |  7.1
Unarmed Combat | |  0.2

Action                   |  1- 3 |  4- 6 |  7- 9 | 10-12 || total
-------------------------+-------+-------+-------+-------++-------
Melee: Unarmed           |     9 |       |       |       ||     9
       Dagger            |     3 |    24 |    40 |   267 ||   334
       Tailslap          |     1 |     2 |     8 |    42 ||    53
       Punch             |     1 |       |       |       ||     1
Throw: Dart              |     2 |     2 |       |       ||     4
Evoke: Wand              |       |       |     4 |       ||     4
  Use: Potion            |       |       |     5 |     5 ||    10
       Scroll            |       |       |       |     7 ||     7
 Stab: Sleeping          |     1 |     2 |    11 |    24 ||    38
Armor: Skin              |     3 |       |       |     7 ||    10
       Robe              |       |     3 |     7 |    62 ||    72
Dodge: Dodged            |     4 |     2 |    12 |    82 ||   100
Block: Buckler           |       |       |       |    50 ||    50

Table legend: (Time is in decaauts)
 A = Elapsed time spent in this place.
 B = Non-inter-level travel time spent in this place.
 C = Inter-level travel time spent in this place.
 D = Time resting spent in this place.
 E = Time spent auto-exploring this place.
 F = Levels seen in this place.
 G = Mean time per level.
                   A        B        C        D        E       F      G
               +--------+--------+--------+--------+--------+-----+--------+
         Total |   2358 |   2358 |      0 |   1216 |      0 |   1 | 2358.0 |
       Dungeon |   2358 |   2358 |      0 |   1216 |      0 |   1 | 2358.0 |
               +--------+--------+--------+--------+--------+-----+--------+

Top non-repeatable levels by time:
       D: 2358 daAuts
